 Dungeon Crawl Stone Soup version 0.25.0-9-g26727b657a (webtiles) character file.

Game seed: 18111067749371154489

44 mortelune the Skirmisher (level 3, 0/30 HPs)
             Began as a Ghoul Warper on June 21, 2020.
             Slain by a hound (3 damage)
             ... on level 2 of the Dungeon.
             The game lasted 00:01:32 (1522 turns).

mortelune the Skirmisher (Ghoul Warper)             Turns: 1522, Time: 00:01:33

Health: 0/30       AC:  3    Str: 15    XL:     3   Next: 62%
Magic:  5/5        EV: 12    Int:  8    God:
Gold:   55         SH:  0    Dex:  8    Spells: 6/6 levels left

rFire    . . .     SeeInvis .     - Unarmed
rCold    + . .     Gourm    .   (no shield)
rNeg     + + +     Faith    .   a - +0 leather armour
rPois    ∞         Spirit   .   (no helmet)
rElec    .         Reflect  .   (no cloak)
rCorr    .         Harm     .   (no gloves)
MR       .....                  (no boots)
Stlth    +.........             (no amulet)
HPRegen  0.00/turn              (no ring)
MPRegen  0.09/turn              (no ring)

@: rotting
A: rotting body, claws 1, carnivore, cold resistance 1, negative energy
resistance 3, inhibited regeneration, torment resistance, unbreathing
a: no special abilities


You were on level 2 of the Dungeon.
You were hungry.

You visited 1 branch of the dungeon, and saw 2 of its levels.

You collected 55 gold pieces.

Inventory:

Missiles
 d - 5 boomerangs of dispersal (quivered)
Armour
 a - a +0 leather armour (worn)
Jewellery
 g - an uncursed amulet of faith {unknown}
Scrolls
 c - a scroll of random uselessness {unknown}
 e - a scroll of immolation {unknown}
 h - a scroll of identify {unknown}
 B - 2 scrolls of blinking
Potions
 i - a potion of experience {unknown}
 j - a potion of curing {unknown}
Comestibles
 b - 4 chunks of flesh
 f - 2 rations


   Skills:
 + Level 2.9 Fighting
 - Level 0.8 Throwing
 - Level 0.8 Armour
 + Level 2.3 Dodging
 + Level 2.8 Unarmed Combat
 + Level 2.2 Spellcasting
   Level 2.6 Translocations


You had 6 spell levels left.
You didn't know any spells.
Your spell library contained the following spells:

 Spells                   Type           Power        Failure   Level  Hunger
 Blink                    Tloc           N/A          22%         2    ###....
 Shroud of Golubria       Chrm/Tloc      #.....       36%         2    ###....
 Gell's Gravitas          Tloc           #.........   41%         3    ####...
 Lesser Beckoning         Tloc           #.........   41%         3    ####...
 Teleport Other           Tloc           #.......     41%         3    ####...
 Passage of Golubria      Tloc           N/A          82%         4    #####..


Dungeon Overview and Level Annotations

Branches:
Dungeon (2/15)

Altars:
Ashenzari
Sif Muna
Wu Jian


Innate Abilities, Weirdness & Mutations

Your body is rotting away.
You thrive on raw meat.
You are immune to poison.
You have sharp fingernails.
You are carnivorous and can eat meat at any time.
Your flesh is cold resistant. (rC+)
You are immune to negative energy. (rN+++)
You do not regenerate when monsters are visible.
You are immune to unholy pain and torment.
You can survive without breathing.


Message History

The hound is lightly wounded.
The hound bites you but does no damage.
You barely miss the hound.
The hound is lightly wounded.
The hound closely misses you.
The frilled lizard unfolds its giant frill.
The hound bites you.
* * * LOW HITPOINT WARNING * * *
You closely miss the hound.
The hound is lightly wounded.
The hound closely misses you.
You scratch the hound.
The hound is heavily wounded.
The hound barely misses you. The hound completely misses you.
You scratch the hound.
The hound is heavily wounded.
The hound bites you.
* * * LOW HITPOINT WARNING * * *
The hound bites you.
You die...

#.........#
#.........##.#
#.........##.#
########'###.#
#..##.# ##.##.#
#..##.# #
#..##.#####.###
#......lh@....#
#.#.#.#####?.##
#.#...# .#
#.##..# # #.
#(.# #.
#..######### +.
#.?..)......
#...........
+.>.........


You could see a hound and a frilled lizard.

Vanquished Creatures
  An adder (D:2)
  2 dart slugs (D:1)
  2 bats (D:1)
  2 giant cockroaches
  3 goblins
  4 hobgoblins
  3 jackals (D:1)
  2 quokkas (D:2)
  3 frilled lizards
  5 kobolds
  2 rats (D:1)
29 creatures vanquished.

Notes
Turn   | Place    | Note
-------+----------+-------------------------------------------
     0 | D:1      | mortelune the Ghoul Warper began the quest for the Orb.
     0 | D:1      | Reached XP level 1. HP: 17/17 MP: 2/2
    94 | D:1      | Reached XP level 2. HP: 14/25 MP: 3/3
   728 | D:1      | Reached XP level 3. HP: 23/30 MP: 5/5
  1087 | D:2      | Found a shimmering blue altar of Sif Muna.
  1087 | D:2      | Found an ornate altar of the Wu Jian Council.
  1087 | D:2      | Found a shattered altar of Ashenzari.
  1522 | D:2      | Slain by a hound

Illustrated notes

Levels and vault maps discovered:
D:1:      psy_arrival_radial02, layout_basic, roderic_roman_lattice
D:2:      layout_basic, makhleb_heckhound_becter, old_standard_altar,
          chequers_temple_overflow_statue_of_worship

Skill      XL: |  1  2 |
---------------+-------+-----
Dodging        | 2 |  2.3
Spellcasting   | 2 |  2.2
Fighting       | |  2.9
Throwing       | |  0.8
Armour         | |  0.8
Unarmed Combat | |  2.8
Translocations | |  2.6

Action                   || total
-------------------------++-------
Melee: Unarmed           ||    91
       Punch             ||     1
  Eat: Chunk             ||     1
Armor: Leather armour    ||    18
Dodge: Dodged            ||    63
